 Dungeon Crawl Stone Soup version 0.31.0-11-ge490571c62 (webtiles) character file.

Game seed: 11327318446387633178

93 Gadfly the Insei (level 4, 35/35 HPs)
             Began as a Demonspawn Monk on Feb 5, 2024.
             Was a Follower of Ru.
             Quit the game on level 3 of the Dungeon.
             The game lasted 00:02:35 (2123 turns).

Gadfly the Insei (Demonspawn Monk)                  Turns: 2123, Time: 00:02:35

Health: 35/35      AC:  2    Str: 20    XL:     4   Next: 36%
Magic:  4/4        EV: 13    Int: 10    God:    Ru [*.....]
Gold:   156        SH:  0    Dex: 15    Spells: 3/3 levels left

rFire   . .          .
                       - Unarmed
rCold   . . .        c - orb {light}
rNeg    . . .        a - +0 robe
rPois   .            (no helmet)
rElec   .            (no cloak)
rCorr   .            (no gloves)
SInv    .            (no boots)
Will    .....        (no amulet)
Stlth   +            d - +6 ring of strength
HPRegen 0.25/turn    (no ring)
MPRegen 0.09/turn

%: no passive effects
@: glowing
A: ignite blood 2, inability to train armour, demonic magic 1
a: Renounce Religion


You were on level 3 of the Dungeon.
You worshipped Ru.
Ru was aware of your devotion.
You visited 1 branch of the dungeon, and saw 4 of its levels.

You collected 156 gold pieces.

Inventory:

Armour
 a - a +0 robe (worn)
 c - an orb of light (worn)
Jewellery
 d - a +6 ring of strength (left hand)
Scrolls
 e - a scroll of amnesia {unknown}
 g - a scroll of poison
 k - a scroll of identify
Potions
 f - 2 potions of curing
 h - 2 potions of mutation {unknown}
 i - 2 potions of resistance
 j - a potion of haste {unknown}
 l - 2 potions of might {unknown}


   Skills:
 - Level 3.0 Fighting
 + Level 3.0 Dodging
 * Level 3.3 Unarmed Combat
 * Level 2.0 Evocations
 * Level 1.5 Shapeshifting


You had 3 spell levels left.
You didn't know any spells.
Your spell library contained the following spells:

 Spells                   Type           Power      Damage    Failure   Level
 Kiss of Death            Conj/Necr      0%         2d5       36%         1
 Magic Dart               Conj           0%         1d3       36%         1
 Necrotise                Necr           0%         1d4       36%         1
 Blink                    Tloc           0%         N/A       50%         2
 Call Imp                 Summ           0%         N/A       50%         2
 Confusing Touch          Hex            0%         N/A       75%         3
 Hailstorm                Conj/Ice       0%         3d5       75%         3
 Summon Ice Beast         Ice/Summ       0%         N/A       75%         3
 Vampiric Draining        Necr           0%         2d6       75%         3
 Dispel Undead            Necr           0%         3d6       98%         4
 Martyr's Knell           Necr/Summ      0%         N/A       98%         4
 Curse of Agony           Necr           0%         N/A       100%        5
 Sculpt Simulacrum        Ice/Alch       0%         N/A       100%        6


Dungeon Overview and Level Annotations

Branches:
Dungeon (4/15)
 Temple: D:4-7

Altars:
Ru


Innate Abilities, Weirdness & Mutations

Your demonic aura often causes spilled blood to erupt in flames.
You cannot train Armour skill.
Spells you cast may paralyse adjacent enemies.


Message History

No target in view!
No target in view!
No target in view!
No target in view!
No target in view!
No target in view!
No target in view!
No target in view!
Search for what [Enter for "arm", or ? for help]?
Search for what [Enter for "arm", or ? for help]? bra HP restored.
You now have 156 gold pieces (gained 7).
Items here: (( ))) [[ †.
You pick up a book of Touch and begin reading...
You add the spells Kiss of Death, Confusing Touch and Dispel Undead to your library.
Found a stone staircase leading down.
An adder comes into view.
The adder hisses angrily.
An adder is nearby!
You punch the adder!
The adder is heavily wounded.
The adder is engulfed in blazing flames.
You kill the adder!
Your Evocations skill increases to level 2!
No target in view!
No target in view!
No target in view!
No target in view!
No target in view!
No target in view!
No target in view!
No target in view!
No target in view!
No target in view!
No target in view!
No target in view!
No target in view!
You see here an adder corpse.
Found a stone staircase leading up.
Are you sure you want to abandon this character and quit the game? (Confirm with "yes".)

#............#.
##.#.#######.#.
#.#.#.....#.#.
######.#.#.###.#.#.
#>.................
#####..#.#.......#.
#.<#..........).#.
#####.##....#####.#.#.
#....@.°..........#.#.
#.....##..####....#.#.
#.....##............#.
########.#####....###.
#.# #.....o.. #.#
###....). ... #......
... ######. #.


There were no monsters in sight!

Vanquished Creatures
  An orc wizard (D:3)
  An adder (D:3)
  2 dart slugs
  5 orcs (D:3)
  3 endoplasms
  3 giant cockroaches
  2 goblins
  7 hobgoblins
  6 kobolds
  4 quokkas
  3 ball pythons
  4 bats
  5 rats
46 creatures vanquished.

Notes
Turn   | Place    | Note
-------+----------+-------------------------------------------
     0 | D:1      | Gadfly the Demonspawn Monk began the quest for the Orb.
     0 | D:1      | Reached XP level 1. HP: 18/18 MP: 1/1
   189 | D:1      | Gained mutation: Your demonic aura sometimes causes spilled
                  | blood to erupt in flames. [demonic ancestry]
   189 | D:1      | Reached XP level 2. HP: 24/24 MP: 2/2
   272 | D:1      | Reached skill level 1 in Evocations
   635 | D:2      | Found a faded altar of an unknown god.
   667 | D:2      | Reached skill level 1 in Shapeshifting
   667 | D:2      | Gained mutation: Your demonic aura often causes spilled
                  | blood to erupt in flames. [demonic ancestry]
   667 | D:2      | Reached XP level 3. HP: 9/29 MP: 3/3
   807 | D:2      | You fall into a shaft and drop 2 floors!
   808 | D:4      | Found a sacrificial altar of Ru.
   821 | D:4      | Became a worshipper of Ru the Awakened
   826 | D:4      | Gained mutation: You cannot train Armour skill. [Ru
                  | sacrifice]
   826 | D:4      | Reached * piety under Ru
  2029 | D:3      | Gained mutation: Spells you cast may paralyse adjacent
                  | enemies. [demonic ancestry]
  2029 | D:3      | Reached XP level 4. HP: 14/35 MP: 4/4
  2123 | D:3      | Quit the game

Illustrated notes

Levels and vault maps discovered:
D:1:      spicycebolla_green_bress_n_ham, layout_basic, kennysheep_another_room
D:2:      layout_rooms, basic_ecumenical_altar
D:3:      layout_basic, gammafunk_temple_overflow_elements
D:4:      layout_loops_ring, amcnicky_altar_gilded

Skill      XL: |  1  2  3  4 |
---------------+-------------+-----
Evocations     | 1 2 |  2.0
Unarmed Combat | 3 |  3.3
Shapeshifting  | 1 |  1.5
Dodging        | 3 |  3.0
Fighting       | |  3.0

Action                     |  1- 3 |  4- 6 || total
---------------------------+-------+-------++-------
  Melee: Unarmed           |   126 |    11 ||   137
 Invoke: Sacrifice Durabil |     1 |       ||     1
    Use: Scroll            |     4 |       ||     4
         Potion            |       |     1 ||     1
 Armour: Robe              |    70 |     7 ||    77
  Dodge: Dodged            |    81 |     9 ||    90
